TOP OF THE 1ST |
---|
Fort Worth HS Turkeys batting - Pitching for Otsego HS Bulldogs : RHP Fernando Varela | Pitching: RHP Fernando Varela | | Batting: RHB Terry McRa | 0-0: Ball 1-0: Called Strike 1-1: Ball 2-1: Foul Ball, location: 2F 2-2: Ball 3-2: SINGLE (Groundball, 15) (infield hit) | Batting: SHB Gonzalo Cardona | 0-0: Called Strike Throwing error on steal attempt, E2 Terry McRa to third 0-1: Swinging Strike 0-2: Ball 1-2: Strikes out swinging | Batting: LHB Francisco Madraso | 0-0: Ball 1-0: Fly out, F9 (Line Drive, 89M) Runner from 3rd tags up, SCORES, no throw | Batting: LHB Fernando García | 0-0: Ball 1-0: Ball 2-0: Foul Ball, location: 2F 2-1: Ground out 6-3 (Groundball, 6M) | Top of the 1st over - 1 run, 1 hit, 1 error, 0 left on base; Fort Worth HS 1 - Otsego HS 0 | BOTTOM OF THE 1ST |
---|
Otsego HS Bulldogs batting - Pitching for Fort Worth HS Turkeys : LHP Ed Men | Pitching: LHP Ed Men | | Batting: RHB Robbie Barnes | 0-0: Ball 1-0: Swinging Strike 1-1: Ball 2-1: SINGLE (Line Drive, 4MD) | Batting: RHB Jack Díaz | 0-0: Ball Wild Pitch! Robbie Barnes to second 1-0: Ball 2-0: Ball 3-0: Base on Balls | Batting: RHB Ray Martin | 0-0: Called Strike 0-1: Ball 1-1: Called Strike 1-2: Strikes out swinging | Batting: RHB Pedro Estrada | 0-0: Called Strike 0-1: Called Strike 0-2: Strikes out looking | Batting: SHB Keith Novak | 0-0: Called Strike 0-1: Ball 1-1: Ball 2-1: Ball 3-1: Called Strike 3-2: Base on Balls Robbie Barnes to third Jack Díaz to second | Batting: RHB Bruce Davis | 0-0: Ball 1-0: Ball 2-0: Hit by Pitch Robbie Barnes scores Jack Díaz to third Keith Novak to second | Batting: RHB Pepe Ramos | 0-0: Ball 1-0: Ball 2-0: Ball 3-0: Called Strike 3-1: Base on Balls Jack Díaz scores Keith Novak to third Bruce Davis to second | Batting: RHB Dan Miller | 0-0: SINGLE (Line Drive, 78S) Keith Novak scores Bruce Davis to third Pepe Ramos to second Runner from 3rd tries for Home, SAFE, throw made home | Batting: RHB Curt Pierson | 0-0: 3-RUN HOME RUN (Flyball, 7LD), Distance : 369 ft | Batting: RHB Robbie Barnes | 0-0: Ball 1-0: Fly out, F6 (Popup, 6MS) | Bottom of the 1st over - 7 runs, 3 hits, 0 errors, 0 left on base; Fort Worth HS 1 - Otsego HS 7 | TOP OF THE 2ND |
---|
Fort Worth HS Turkeys batting - Pitching for Otsego HS Bulldogs : RHP Fernando Varela | Batting: LHB Mike Richardson | 0-0: Foul Ball, location: 2F 0-1: Ground out 6-3 (Groundball, 6) | Batting: RHB Denny Dennis | 0-0: Ball 1-0: Called Strike 1-1: Ball 2-1: SINGLE (Line Drive, 7LM) | Batting: LHB Theodore Wilkerson | 0-0: Called Strike 0-1: DOUBLE (Flyball, 78D) Denny Dennis to third | Batting: RHB Cameron Harris | 0-0: Called Strike 0-1: Swinging Strike 0-2: Foul Ball, location: 2F 0-2: Ball 1-2: Strikes out swinging | Batting: RHB Mike Casey | 0-0: Fly out, F5 (Popup, 5SF) | Top of the 2nd over - 0 runs, 2 hits, 0 errors, 2 left on base; Fort Worth HS 1 - Otsego HS 7 | BOTTOM OF THE 2ND |
---|
Otsego HS Bulldogs batting - Pitching for Fort Worth HS Turkeys : LHP Ed Men | Batting: RHB Jack Díaz | 0-0: Ball 1-0: Foul Ball, location: 2F 1-1: Ball 2-1: Swinging Strike 2-2: Ball 3-2: Base on Balls | Batting: RHB Ray Martin | 0-0: Called Strike 0-1: Foul Ball, location: 2F 0-2: Ball 1-2: SINGLE (Groundball, 4MD) Jack Díaz to second Runner from 2nd tries for 3rd, SAFE, throw made to third | Batting: RHB Pedro Estrada | 0-0: Called Strike 0-1: Ball 1-1: SINGLE (Groundball, 56D) Jack Díaz scores Ray Martin to second | Batting: SHB Keith Novak | 0-0: Foul Ball, location: 2F 0-1: Ball 1-1: Fly out, F4 (Line Drive, 34) | Batting: RHB Bruce Davis | 0-0: Called Strike 0-1: Grounds into double play, 6-4-3 (Groundball, 6M) | Bottom of the 2nd over - 1 run, 2 hits, 0 errors, 1 left on base; Fort Worth HS 1 - Otsego HS 8 | TOP OF THE 3RD |
---|
Fort Worth HS Turkeys batting - Pitching for Otsego HS Bulldogs : RHP Fernando Varela | Batting: RHB Terry McRa | 0-0: Called Strike 0-1: Foul Ball, location: 2F 0-2: Foul Ball, location: 2F 0-2: Ball 1-2: Ball 2-2: Ball 3-2: Foul Ball, location: 2F 3-2: Base on Balls | Batting: SHB Gonzalo Cardona | 0-0: Called Strike 0-1: Ball 1-1: Called Strike 1-2: SINGLE (Groundball, 56) (infield hit) Terry McRa to second | Batting: LHB Francisco Madraso | 0-0: Fly out, F8 (Flyball, 8RS) | Batting: LHB Fernando García | 0-0: Ball 1-0: Called Strike 1-1: Foul Ball, location: 2F 1-2: Foul Ball, location: 2F 1-2: Foul Ball, location: 2F 1-2: SINGLE (Flyball, 89S) Terry McRa to third Gonzalo Cardona to second | Batting: LHB Mike Richardson | 0-0: Ball 1-0: Foul Ball, location: 2F 1-1: Ball 2-1: Ball 3-1: Called Strike 3-2: Fielders Choice at 2nd, 3-6 (Groundball, 34) Terry McRa scores Gonzalo Cardona to third | Batting: RHB Denny Dennis | 0-0: Ball 1-0: Ball 2-0: Called Strike 2-1: Swinging Strike 2-2: Strikes out swinging | Top of the 3rd over - 1 run, 2 hits, 0 errors, 2 left on base; Fort Worth HS 2 - Otsego HS 8 | BOTTOM OF THE 3RD |
---|
Otsego HS Bulldogs batting - Pitching for Fort Worth HS Turkeys : LHP Ed Men | Pitching: RHP Greg William | | Batting: RHB Pepe Ramos | 0-0: Ball 1-0: Ball 2-0: Swinging Strike 2-1: Ball 3-1: Base on Balls | Batting: RHB Dan Miller | 0-0: Ball 1-0: Called Strike 1-1: Ball 2-1: Swinging Strike 2-2: Ball 3-2: Strikes out swinging | Batting: RHB Curt Pierson | 0-0: SINGLE (Groundball, 6D) Pepe Ramos to second | Batting: RHB Robbie Barnes | 0-0: Foul Ball, location: 2F 0-1: Foul Ball, location: 2F 0-2: Reached on error, E6 (Groundball, 6) Pepe Ramos to third Curt Pierson to second | Batting: RHB Jack Díaz | 0-0: Ball 1-0: Ball 2-0: GRAND SLAM HOME RUN (Flyball, 9LD), Distance : 352 ft | Batting: RHB Ray Martin | 0-0: Ball 1-0: Ball 2-0: Ball 3-0: Called Strike 3-1: Ground out 5-3 (Groundball, 56) | Batting: RHB Pedro Estrada | 0-0: Called Strike 0-1: Ball 1-1: Ball 2-1: Foul Ball, location: 2F 2-2: Foul Ball, location: 2F 2-2: SINGLE (Line Drive, 34) | Batting: SHB Keith Novak | 0-0: Ball 1-0: Ground out 4-3 (Groundball, 4) | Bottom of the 3rd over - 4 runs, 3 hits, 1 error, 1 left on base; Fort Worth HS 2 - Otsego HS 12 | TOP OF THE 4TH |
---|
Fort Worth HS Turkeys batting - Pitching for Otsego HS Bulldogs : RHP Fernando Varela | Batting: LHB Theodore Wilkerson | 0-0: Hit by Pitch | Batting: RHB Cameron Harris | 0-0: Fly out, F8 (Flyball, 8LD) | Batting: RHB Mike Casey | 0-0: Foul Ball, location: 2F 0-1: Ball 1-1: DOUBLE (Line Drive, 7LD) Theodore Wilkerson to third Runner from 3rd tries for Home, SAFE, no throw | Batting: RHB Terry McRa | 0-0: Ball 1-0: Ball 2-0: Ball 3-0: Base on Balls | Batting: SHB Gonzalo Cardona | 0-0: Called Strike 0-1: Ball 1-1: Swinging Strike 1-2: Strikes out swinging | Batting: LHB Francisco Madraso | 0-0: Swinging Strike 0-1: Ball 1-1: Ball 2-1: Foul Ball, location: 2F 2-2: Strikes out swinging, 2-3 out at first. | Top of the 4th over - 1 run, 1 hit, 0 errors, 2 left on base; Fort Worth HS 3 - Otsego HS 12 | BOTTOM OF THE 4TH |
---|
Otsego HS Bulldogs batting - Pitching for Fort Worth HS Turkeys : RHP Greg William | Batting: RHB Bruce Davis | 0-0: Ball 1-0: Called Strike 1-1: Ball 2-1: Foul Ball, location: 2F 2-2: Strikes out swinging | Batting: RHB Pepe Ramos | 0-0: Ball 1-0: Called Strike 1-1: Fly out, F6 (Line Drive, 6) | Batting: RHB Dan Miller | 0-0: Fly out, F6 (Line Drive, 6) | Bottom of the 4th over - 0 runs, 0 hits, 0 errors, 0 left on base; Fort Worth HS 3 - Otsego HS 12 | TOP OF THE 5TH |
---|
Fort Worth HS Turkeys batting - Pitching for Otsego HS Bulldogs : RHP Fernando Varela | Batting: LHB Fernando García | 0-0: Ball 1-0: Called Strike 1-1: Foul Ball, location: 2F 1-2: Foul Ball, location: 2F 1-2: Strikes out swinging | Pitching: RHP Lúcio Bautista | | Batting: LHB Mike Richardson | 0-0: Ground out U3 (Groundball, 3L) | Batting: RHB Denny Dennis | 0-0: Ball 1-0: Ball 2-0: Called Strike 2-1: Ball 3-1: Called Strike 3-2: Foul Ball, location: 2F 3-2: Base on Balls | Batting: LHB Theodore Wilkerson | 0-0: Ball 1-0: Ball 2-0: Ball 3-0: Base on Balls Denny Dennis to second | Batting: RHB Cameron Harris | 0-0: Ball 1-0: Ball 2-0: Called Strike 2-1: Foul Ball, location: 2F 2-2: Strikes out swinging, 2-3 out at first. | Top of the 5th over - 0 runs, 0 hits, 0 errors, 2 left on base; Fort Worth HS 3 - Otsego HS 12 | BOTTOM OF THE 5TH |
---|
Otsego HS Bulldogs batting - Pitching for Fort Worth HS Turkeys : RHP Greg William | Batting: RHB Curt Pierson | 0-0: Ball 1-0: Ball 2-0: Called Strike 2-1: Ball 3-1: Base on Balls | Batting: RHB Robbie Barnes | 0-0: Called Strike 0-1: Foul Ball, location: 2F 0-2: Foul Ball, location: 2F 0-2: Foul Ball, location: 2F 0-2: Ball 1-2: Ball 2-2: 2-RUN HOME RUN (Flyball, 89XD), Distance : 433 ft | Batting: RHB Jack Díaz | 0-0: Ball 1-0: Foul Ball, location: 2F 1-1: Ball 2-1: Foul Ball, location: 2F 2-2: Foul Ball, location: 2F 2-2: Foul Ball, location: 2F 2-2: Foul Ball, location: 2F 2-2: Foul Ball, location: 2F 2-2: Fly out, F9 (Flyball, 9LMF) | Pitching: RHP Juan Reyes | | Batting: RHB Ray Martin | 0-0: Called Strike 0-1: Swinging Strike 0-2: Ball 1-2: SINGLE (Groundball, 6D) | Batting: RHB Pedro Estrada | 0-0: Called Strike 0-1: Ball 1-1: Ball 2-1: Foul Ball, location: 2F 2-2: Foul Ball, location: 2F 2-2: Foul Ball, location: 2F 2-2: Ball 3-2: Base on Balls Ray Martin to second | Batting: SHB Keith Novak | 0-0: Ball 1-0: Ball 2-0: Ball Passed Ball! Ray Martin to third Pedro Estrada to second 3-0: Base on Balls | Batting: RHB Bruce Davis | 0-0: Called Strike 0-1: Ball 1-1: Swinging Strike 1-2: GRAND SLAM HOME RUN (Flyball, 7LD), Distance : 376 ft | Batting: RHB Pepe Ramos | 0-0: Foul Ball, location: 2F 0-1: Fly out, F7 (Flyball, 78M) | Batting: RHB Dan Miller | 0-0: Fly out, F8 (Flyball, 8RS) | Bottom of the 5th over - 6 runs, 3 hits, 0 errors, 0 left on base; Fort Worth HS 3 - Otsego HS 18 | TOP OF THE 6TH |
---|
Fort Worth HS Turkeys batting - Pitching for Otsego HS Bulldogs : RHP Lúcio Bautista | Batting: RHB Mike Casey | 0-0: Ball 1-0: Ball 2-0: Ball 3-0: Called Strike 3-1: Called Strike 3-2: Base on Balls | Batting: RHB Terry McRa | 0-0: Foul Ball, location: 2F 0-1: Fielders Choice at 2nd, 4-6 (Groundball, 4) | Batting: SHB Gonzalo Cardona | 0-0: Called Strike 0-1: Ball Terry McRa steals 2nd base 1-1: Fly out, F9 (Flyball, 89D) Runner from 2nd tags up, SAFE at 3rd, no throw | Batting: LHB Francisco Madraso | 0-0: Foul Ball, location: 2F 0-1: Fly out, F6 (Line Drive, 6) | Top of the 6th over - 0 runs, 0 hits, 0 errors, 1 left on base; Fort Worth HS 3 - Otsego HS 18 | BOTTOM OF THE 6TH |
---|
Otsego HS Bulldogs batting - Pitching for Fort Worth HS Turkeys : RHP Juan Reyes | Batting: RHB Curt Pierson | 0-0: Swinging Strike 0-1: Called Strike 0-2: Ball 1-2: Foul Ball, location: 2F 1-2: Foul Ball, location: 2F 1-2: Ball 2-2: Ball 3-2: Foul Ball, location: 2F 3-2: Ground out 6-3 (Groundball, 6) | Batting: RHB Robbie Barnes | 0-0: SINGLE (Groundball, 4MD) | Batting: RHB Jack Díaz | 0-0: Foul Ball, location: 2F 0-1: Foul Ball, location: 2F 0-2: Foul Ball, location: 2F 0-2: Ball 1-2: Ball 2-2: Ball 3-2: Fielders Choice at 2nd, 1-4 (Groundball, 15S) | Batting: RHB Ray Martin | 0-0: Called Strike 0-1: Ball 1-1: DOUBLE (Groundball, 5L) Jack Díaz to third Runner from 3rd tries for Home, SAFE, no throw | Batting: RHB Pedro Estrada | 0-0: Ball 1-0: Called Strike 1-1: Foul Ball, location: 2F 1-2: Strikes out swinging | Bottom of the 6th over - 1 run, 2 hits, 0 errors, 1 left on base; Fort Worth HS 3 - Otsego HS 19 | TOP OF THE 7TH |
---|
Fort Worth HS Turkeys batting - Pitching for Otsego HS Bulldogs : RHP Lúcio Bautista | Batting: LHB Fernando García | 0-0: Ball 1-0: Swinging Strike 1-1: Called Strike 1-2: Ball 2-2: Strikes out swinging | Batting: LHB Mike Richardson | 0-0: Ball 1-0: Ground out 4-3 (Groundball, 4) | Batting: RHB Denny Dennis | 0-0: Foul Ball, location: 2F 0-1: Swinging Strike 0-2: Foul Ball, location: 2F 0-2: Ball 1-2: Ball 2-2: Foul Ball, location: 2F 2-2: Ball 3-2: Strikes out swinging | Top of the 7th over - 0 runs, 0 hits, 0 errors, 0 left on base; Fort Worth HS 3 - Otsego HS 19 | BOTTOM OF THE 7TH |
---|
Otsego HS Bulldogs batting - Pitching for Fort Worth HS Turkeys : RHP Juan Reyes | Batting: SHB Keith Novak | 0-0: Ball 1-0: Ball 2-0: DOUBLE (Flyball, 78XD) - OUT at third base trying to stretch hit. | Batting: RHB Bruce Davis | 0-0: Ball 1-0: Ball 2-0: Ball 3-0: Base on Balls | Batting: RHB Pepe Ramos | 0-0: Called Strike Bruce Davis steals 2nd base 0-1: Swinging Strike 0-2: Ball 1-2: SINGLE (Line Drive, 6M) Bruce Davis to third | Batting: RHB Dan Miller | 0-0: Ball 1-0: Ball 2-0: Foul Ball, location: 2F 2-1: SINGLE (Groundball, 56D) Bruce Davis scores Pepe Ramos to second | Pitching: RHP Arnold Faucher | | Batting: RHB Curt Pierson | 0-0: Ground out 5-3 (Groundball, 56S) Pepe Ramos to third Dan Miller to second | Batting: RHB Robbie Barnes | 0-0: Swinging Strike 0-1: Ball 1-1: Foul Ball, location: 2F 1-2: Ball 2-2: Foul Ball, location: 2F 2-2: Ball 3-2: Foul Ball, location: 2F 3-2: Fly out, F8 (Flyball, 78M) | Bottom of the 7th over - 1 run, 3 hits, 0 errors, 2 left on base; Fort Worth HS 3 - Otsego HS 20 | TOP OF THE 8TH |
---|
Fort Worth HS Turkeys batting - Pitching for Otsego HS Bulldogs : RHP Lúcio Bautista | Batting: LHB Theodore Wilkerson | 0-0: Ball 1-0: Ball 2-0: Ball 3-0: Called Strike 3-1: Called Strike 3-2: Base on Balls | Pitching: RHP Gordon Long | | Batting: RHB Cameron Harris | 0-0: Called Strike 0-1: Called Strike 0-2: Ball 1-2: Strikes out swinging | Batting: RHB Mike Casey | 0-0: Ball 1-0: Fly out, F9 (Flyball, 9) | Batting: RHB Terry McRa | 0-0: Called Strike 0-1: Ball 1-1: Foul Ball, location: 2F 1-2: Ball 2-2: Foul Ball, location: 2F 2-2: Strikes out swinging | Top of the 8th over - 0 runs, 0 hits, 0 errors, 1 left on base; Fort Worth HS 3 - Otsego HS 20 | BOTTOM OF THE 8TH |
---|
Otsego HS Bulldogs batting - Pitching for Fort Worth HS Turkeys : RHP Arnold Faucher | Batting: RHB Jack Díaz | 0-0: Ball 1-0: Swinging Strike 1-1: Swinging Strike 1-2: Strikes out swinging, 2-3 out at first. | Batting: RHB Ray Martin | 0-0: Ball 1-0: Called Strike 1-1: Called Strike 1-2: Ball 2-2: SINGLE (Groundball, 6MD) | Pinch Hitting: RHB Alejandro Acevedo | 0-0: Ball 1-0: Called Strike 1-1: Fly out, F7 (Flyball, 7LMF) | Batting: SHB Keith Novak | 0-0: Called Strike 0-1: SINGLE (Groundball, 6MD) Ray Martin to second | Batting: RHB Bruce Davis | 0-0: Ball 1-0: Foul Ball, location: 2F 1-1: Called Strike 1-2: Foul Ball, location: 2F 1-2: Ground out 5-3 (Groundball, 56S) | Bottom of the 8th over - 0 runs, 2 hits, 0 errors, 2 left on base; Fort Worth HS 3 - Otsego HS 20 | TOP OF THE 9TH |
---|
Fort Worth HS Turkeys batting - Pitching for Otsego HS Bulldogs : RHP Gordon Long | Now at 1B: Alejandro Acevedo | | Batting: SHB Gonzalo Cardona | 0-0: Ball 1-0: Foul Ball, location: 2F 1-1: Ball 2-1: Ball 3-1: Base on Balls | Batting: LHB Francisco Madraso | 0-0: Ball 1-0: Foul Ball, location: 2F 1-1: Ball 2-1: Foul Ball, location: 2F 2-2: Ball 3-2: Base on Balls Gonzalo Cardona to second | Batting: LHB Fernando García | 0-0: Fielders Choice at 2nd, 3-6 (Groundball, 3) Gonzalo Cardona to third | Batting: LHB Mike Richardson | 0-0: Foul Ball, location: 2F 0-1: Ball 1-1: SINGLE (Groundball, 56D) Gonzalo Cardona scores Fernando García to second | Batting: RHB Denny Dennis | 0-0: Ball 1-0: Ball 2-0: Called Strike 2-1: Foul Ball, location: 2F 2-2: Ball 3-2: Strikes out looking Mike Richardson steals 2nd base Batter strikes out. Fernando García to third | Batting: LHB Theodore Wilkerson | 0-0: Called Strike 0-1: Ball 1-1: Ball 2-1: Ball 3-1: Base on Balls | Batting: RHB Cameron Harris | 0-0: SINGLE (Groundball, 13S) (infield hit) Fernando García scores Mike Richardson to third Theodore Wilkerson to second | Batting: RHB Mike Casey | 0-0: GRAND SLAM HOME RUN (Flyball, 7LD), Distance : 361 ft | Pinch Hitting: RHB Tristan Vincent | 0-0: Foul Ball, location: 2F 0-1: Foul Ball, location: 2F 0-2: Ball 1-2: Ball 2-2: Foul Ball, location: 2F 2-2: Ball 3-2: Base on Balls | Batting: SHB Gonzalo Cardona | 0-0: Ball 1-0: Ball Wild Pitch! Tristan Vincent to second 2-0: Ball 3-0: Base on Balls | Batting: LHB Francisco Madraso | 0-0: Ball 1-0: Swinging Strike 1-1: Ball 2-1: Ball 3-1: Foul Ball, location: 2F 3-2: Reached via error on a dropped throw, E1 Tristan Vincent to third Gonzalo Cardona to second | Pitching: RHP P.J. Pittman | | Batting: LHB Fernando García | 0-0: Ball 1-0: Ball 2-0: Called Strike 2-1: Swinging Strike 2-2: Foul Ball, location: 2F 2-2: Strikes out looking | Top of the 9th over - 6 runs, 3 hits, 1 error, 3 left on base; Fort Worth HS 9 - Otsego HS 20 | |